 Dungeon Crawl Stone Soup version 0.19.0-18-g426998a (webtiles) character file.

1000 sighowe the Shield-Bearer (level 8, -5/43 HPs)
             Began as a Gargoyle Fighter on Nov 12, 2016.
             Was an Initiate of Ashenzari.
             Slain by an ogre
             ... wielding a +0 giant club
              (9 damage)
             ... on level 6 of the Dungeon.
             The game lasted 00:14:10 (4320 turns).

sighowe the Shield-Bearer (Gargoyle Fighter)        Turns: 4320, Time: 00:14:11

Health: -5/43      AC: 14    Str: 21    XL:     8   Next: 19%
Magic:  8/8        EV: 10    Int:  8    God:    Ashenzari [......]
Gold:   208        SH:  9    Dex:  7    Spells: 0 memorised, 7 levels left

rFire  . . .     SeeInvis .     J - +2 flail (protect)
rCold  . . .     Gourm    .     H - +0 chain mail
rNeg   + . .     Faith    .     c - +0 shield
rPois  ∞         Spirit   .     (no helmet)
rElec  +         Reflect  .     (no cloak)
rCorr  .         Harm     .     (no gloves)
MR     .....                    (no boots)
Stlth  ..........               e - amulet of regeneration (curse)
                                K - +1 ring of evasion (curse)
                                y - +3 ring of evasion (curse)

@: no status effects
A: blurry vision 1, clumsy 1, frail 1, negative energy resistance 1, electricity
resistance, weak 1, unbreathing, petrification resistance, rot immunity, AC +5
a: Curse Item, Renounce Religion


You were on level 6 of the Dungeon.
You worshipped Ashenzari.
Ashenzari was noncommittal.
You were very hungry.

You visited 2 branches of the dungeon, and saw 7 of its levels.

You collected 208 gold pieces.

Inventory:

Hand Weapons
 a - a +0 flail
 D - a +0 flail
 E - a +0 falchion
 G - a +0 hand axe
 J - a +2 flail of protection (weapon)
Armour
 b - a +0 scale mail
 c - a +0 shield (worn)
 s - a +0 chain mail
 H - a +0 chain mail (worn)
Jewellery
 e - a cursed amulet of regeneration (around neck)
 u - an uncursed amulet of harm
 y - a cursed +3 ring of evasion (left hand)
 K - a cursed +1 ring of evasion (right hand)
Wands
 B - a wand of paralysis (0/24)
Scrolls
 h - 7 scrolls of identify {unknown}
 m - a scroll of fog {unknown}
 n - 3 scrolls of teleportation {unknown}
 r - a scroll of magic mapping {unknown}
 w - a scroll of noise {unknown}
 A - a scroll of random uselessness {unknown}
 F - 2 scrolls of amnesia {unknown}
Potions
 d - 5 potions of might
 g - 3 potions of degeneration {unknown}
 i - 2 potions of lignification {unknown}
 k - a potion of brilliance {unknown}
 l - 3 potions of curing {unknown}
 q - a potion of flight {unknown}
 t - a potion of mutation {unknown}
 v - a potion of agility
 z - a potion of resistance {unknown}
 C - a potion of heal wounds {unknown}
Comestibles
 f - 6 bread rations
 j - 3 meat rations
 p - a slice of pizza
 x - 2 fruits


   Skills:
 + Level 4.7 Fighting
 + Level 3.5 Long Blades
 + Level 5.0 Maces & Flails
 + Level 4.7 Armour
 + Level 2.2 Dodging
 + Level 0.2 Stealth
 + Level 5.5 Shields


You had 7 spell levels left.
You didn't know any spells.

Dungeon Overview and Level Annotations

Branches:
Dungeon (6/15)             Temple (1/1) D:5

Altars:
Ashenzari
Cheibriados
Dithmenos
Elyvilon
Fedhas
Gozag
Hepliaklqana
Kikubaaqudgha
Makhleb
Nemelex Xobeh
Okawaru
Qazlal
Ru
Sif Muna
Trog
Uskayaw
Vehumet
Xom
Yredelemnul
Zin
The Shining One

Shops:
D:5 %


Innate Abilities, Weirdness & Mutations

You are resistant to torment.
Your stone body is resilient. (AC +5)
You are immune to poison.
You resist negative energy. (rN+)
You are resistant to electric shocks. (rElec)
You can survive without breathing.
You are immune to petrification.
You are immune to rotting.
Scrolls take you a little longer to read.
You are clumsy. (Dex -2)
You are frail. (-10% HP)
You are weak. (Str -2)


Message History

The orc is severely wounded.
You block the orc's attack. The orc closely misses you.
You hit the orc but do no damage.
The orc is severely wounded.
The orc hits you but does no damage.
You sock the orc!
You kill the orc!
You barely miss the ogre. You block the ogre's attack.
Your shield and chain mail prevent you from hitting the ogre.
The orc priest looks braver for a moment.
The ogre closely misses you.
Your shield prevents you from hitting the ogre.
The ogre hits you with a giant club!!
* * * LOW HITPOINT WARNING * * *
You barely miss the ogre.
The orc priest mumbles some strange prayers to Beogh against you.
Beogh smites you!
* * * LOW HITPOINT WARNING * * *
The ogre hits you with a giant club!
You die...

#........>......
#.####.#######.# #.# #.#
##.## # #.# ##.##
#...###.###
#.###...#####.#5......#
###.##.#.#.##...oo..5....
#....†...##.#.##5###....#
..#............#O# ...
#######.#.###..#@# #
#####.####..#.#
#..†..........#
#.########..#.# #.#
#..#.# ####.# #<.#.#
.....# ...... ###### ##
###


You could see an ogre, an orc priest, a quasit, a shadow imp and an orc.

Vanquished Creatures
  The ghost of Nelgraf the Skirmisher, an amateur GrGl (D:4)
  Edmund (D:5)
  2 ice beasts (D:6)
  A sky beast (D:5)
  A scorpion (D:5)
  A centaur zombie (D:5)
  Ijyb (D:3)
  4 orc wizards
  4 worker ants
  7 adders
  3 shadow imps
  2 worms (D:2)
  A dart slug (D:3)
  4 leopard geckos
  9 orcs
  4 giant cockroaches
  6 goblins
  11 hobgoblins
  9 jackals
  6 kobolds
  3 quokkas
  8 bats
  6 frilled lizards
  A quokka skeleton (D:4)
  6 rats
102 creatures vanquished.

Notes
Turn   | Place    | Note
-------+----------+-------------------------------------------
     0 | D:1      | sighowe the Gargoyle Fighter began the quest for the Orb.
     0 | D:1      | Reached XP level 1. HP: 14/14 MP: 1/1
    45 | D:1      | Reached XP level 2. HP: 10/19 MP: 2/2
   511 | D:1      | Reached XP level 3. HP: 23/23 MP: 3/3
   982 | D:2      | Reached XP level 4. HP: 28/28 MP: 4/4
  1555 | D:2      | Reached skill level 1 in Dodging
  1892 | D:3      | Noticed Ijyb
  1894 | D:3      | Paralysed by Ijyb for 2 turns
  1908 | D:3      | Paralysed by Ijyb for 6 turns
  1925 | D:3      | Paralysed by Ijyb for 5 turns
  1932 | D:3      | Killed Ijyb
  1932 | D:3      | Reached XP level 5. HP: 33/33 MP: 5/5
  2164 | D:4      | Noticed Nelgraf's ghost (amateur GrGl)
  2191 | D:4      | Killed Nelgraf's ghost
  2191 | D:4      | Reached XP level 6. HP: 36/39 MP: 6/6
  2938 | D:5      | Entered Level 5 of the Dungeon
  2963 | D:5      | Found Fuafefechu's Food Boutique.
  3192 | D:5      | Reached XP level 7. HP: 44/44 MP: 7/7
  3258 | D:5      | Found a staircase to the Ecumenical Temple.
  3264 | Temple   | Entered the Ecumenical Temple
  3399 | Temple   | Became a worshipper of Ashenzari the Shackled
  3667 | D:5      | Reached skill level 1 in Long Blades
  3831 | D:5      | Gained mutation: You are frail. (-10% HP) [mutagenic meat]
  3838 | D:5      | Gained mutation: You are weak. (Str -2) [mutagenic meat]
  3839 | D:5      | Gained mutation: Scrolls take you a little longer to read. [mutagenic meat]
  3840 | D:5      | Gained mutation: You are clumsy. (Dex -2) [mutagenic meat]
  3935 | D:5      | Noticed Edmund
  3950 | D:5      | Killed Edmund
  3950 | D:5      | Reached skill level 5 in Shields
  4196 | D:6      | Reached XP level 8. HP: 43/43 MP: 8/8
  4313 | D:6      | Reached skill level 5 in Maces & Flails
  4320 | D:6      | Slain by an ogre

Skill      XL: |  1  2  3  4  5  6  7  8 |
---------------+-------------------------+-----
Maces & Flails | 3 4 5 |  5.0
Shields        | 4 5 |  5.5
Dodging        | 1 2 |  2.2
Fighting       | 4 |  4.7
Armour         | 4 |  4.7
Long Blades    | 3 |  3.5
Stealth        | |  0.2

Action                   |  1- 3 |  4- 6 |  7- 9 || total
-------------------------+-------+-------+-------++-------
Melee: Flail             |   157 |   238 |    74 ||   469
       Falchion          |       |    37 |   120 ||   157
Invok: Curse Item        |       |       |     3 ||     3
Evoke: Wand              |       |       |     1 ||     1
  Eat: Meat ration       |       |     1 |       ||     1
       Bread ration      |       |     1 |       ||     1
       Chunk             |       |       |     4 ||     4
       Fruit             |       |       |     2 ||     2
Armor: Scale mail        |   145 |    10 |       ||   155
       Chain mail        |       |   191 |   131 ||   322
Dodge: Dodged            |    79 |    81 |    47 ||   207
Block: Shield            |   138 |   139 |    95 ||   372
       Rpst.: Falchion   |       |     3 |     6 ||     9
